AoeStats
← joosephy

Black Forest

507687270Analyzed
4v4 RM · 13d ago on Sep 19, 2026· 62m 22s· 8 players
Game mode
Random Map
Map size
Large (8 player)
Population
200
Speed
Normal
Resources
Standard
Victory
Conquest
Starting age
Dark Age
Ending age
Imperial Age
RankedLock teamsTeams togetherTeam positionsShared explorationLock speedFull tech treeHidden civsTurbo modeCheats
Victory
Defeat
🇷🇺 Wu · Russia
1862
+12
🇯🇵 Tatars · Japan
1754
+17
🇮🇹 Khmer · Italy
1625
+22
🇹🇼 Portuguese · Taiwan
1567
+24
🇳🇱 Bengalis · Netherlands
1902
-23
🇺🇸 Romans · United States
1896
-24
🇺🇸 Dravidians · United States
1792
-20
🇮🇳 Cumans · India
1475
-8
joosephy
1:42 Loom
14:58 Feudal Age
15:36 Double-Bit Axe
18:25 Fletching
24:02 Wheelbarrow
27:34 Castle Age
30:59 Stone Mining
33:51 Bodkin Arrow
33:55 Light Cavalry
40:32 Imperial Age
38:29 Bow Saw
40:32 Ballistics
42:19 Chemistry
41:32 Horse Collar
44:03 Arquebus
50:24 Bombard Tower
50:15 Masonry
50:30 Fortified Wall
52:06 Architecture
52:17 Siege Engineers
60:09 Town Watch
60:42 Hand Cart
61:13 Murder Holes
NeeNee
11:01 Feudal Age
12:49 Double-Bit Axe
15:15 Castle Age
13:25 Fishing Lines
16:22 Bow Saw
17:57 Loom
18:42 Scale Barding Armor
18:53 Light Cavalry
19:41 Horse Collar
21:31 Heavy Plow
22:07 Forging
22:30 Husbandry
25:04 Stone Mining
25:53 Wheelbarrow
29:48 Imperial Age
27:48 Bloodlines
27:29 Gold Mining
28:37 Iron Casting
28:34 Hand Cart
29:00 Gold Shaft Mining
29:37 Chain Barding Armor
29:42 Gillnets
30:07 Fletching
31:31 Plate Barding Armor
31:27 Crop Rotation
31:31 Coinage
33:04 Blast Furnace
33:26 Conscription
33:25 Bodkin Arrow
32:54 Elite Keshik
33:58 Conscription
34:43 Hussar
35:33 Caravan
36:44 Silk Armor
36:50 Bracer
37:11 Ballistics
37:52 Chemistry
36:34 Onager
40:50 Timurid Siegecraft
44:09 Capped Ram
46:51 Siege Ram
55:28 Banking
55:09 Guilds
Eugenius
0:53 Loom
11:20 Feudal Age
17:44 Castle Age
16:11 Double-Bit Axe
16:38 Horse Collar
21:14 Fletching
22:46 Bodkin Arrow
28:55 Gold Mining
31:21 Bow Saw
34:41 Wheelbarrow
35:21 Gold Shaft Mining
34:37 Stone Mining
34:54 Heavy Plow
39:03 Imperial Age
36:35 Padded Archer Armor
36:57 Hand Cart
37:54 Leather Archer Armor
38:00 Elite Skirmisher
39:46 Bracer
40:39 Conscription
39:40 Elite Fire Archer
41:42 Chemistry
41:02 Ballistics
42:04 Two-Man Saw
42:11 Two-Man Saw
41:06 Town Watch
42:19 Caravan
42:30 Guilds
43:21 Red Cliffs Tactics
44:51 Guilds
46:36 Masonry
46:07 Treadmill Crane
46:41 Masonry
47:03 Coinage
47:10 Sitting Tiger
48:41 Banking
52:46 Stone Shaft Mining
Nogard
10:32 Feudal Age
14:08 Castle Age
12:00 Double-Bit Axe
12:14 Horse Collar
16:26 Bow Saw
18:55 Loom
19:48 Wheelbarrow
19:39 Gold Mining
24:16 Gold Shaft Mining
23:32 Stone Mining
27:11 Hand Cart
29:49 Imperial Age
27:52 Forging
27:48 Scale Barding Armor
29:08 Iron Casting
28:20 Arson
29:07 Bloodlines
28:58 Husbandry
30:02 Chain Barding Armor
31:15 Stone Shaft Mining
30:26 Town Watch
31:47 Chemistry
32:00 Plate Barding Armor
32:25 Blast Furnace
31:19 Cavalier
32:17 Siege Engineers
33:09 Town Patrol
33:13 Scale Mail Armor
33:33 Heavy Scorpion
34:35 Ballistics
34:08 Fletching
34:30 Heavy Plow
35:23 Double Crossbow
35:44 Conscription
35:52 Conscription
36:50 Tusk Swords
37:08 Chain Mail Armor
37:40 Masonry
42:08 Hoardings
44:46 Light Cavalry
47:38 Fortified Wall
47:59 Architecture
49:34 Onager
51:23 Hussar
53:28 Murder Holes
52:58 Elite Ballista Elephant
Washed404
0:40 Loom
11:00 Feudal Age
14:52 Fletching
16:12 Double-Bit Axe
27:49 Castle Age
27:31 Padded Archer Armor
28:39 Wheelbarrow
28:13 Scale Barding Armor
28:21 Bloodlines
28:16 Gold Mining
28:59 Bow Saw
28:33 Horse Collar
34:12 Imperial Age
33:36 Chain Barding Armor
34:22 Cavalier
36:42 Plate Barding Armor
38:42 Forging
41:29 Light Cavalry
42:30 Paladin
46:06 Hand Cart
49:02 Caravan
White Knight
11:24 Feudal Age
14:53 Castle Age
13:41 Double-Bit Axe
13:37 Fishing Lines
13:54 Gold Mining
15:50 Bow Saw
17:39 Sanctity
18:27 Redemption
21:40 Fervor
23:35 Horse Collar
29:05 Wheelbarrow
28:16 Loom
28:16 Town Watch
31:39 Imperial Age
29:18 Fletching
29:28 Padded Archer Armor
30:11 Gold Shaft Mining
29:55 Padded Archer Armor
29:54 Bodkin Arrow
30:17 Heavy Plow
30:57 Hand Cart
30:58 Padded Archer Armor
30:45 Treadmill Crane
31:25 Ballistics
32:20 Bracer
33:21 Chemistry
31:50 Elite Elephant Archer
33:18 Leather Archer Armor
34:28 Ring Archer Armor
36:45 Coinage
36:44 Caravan
37:14 Caravan
37:56 Banking
37:34 Paiks
37:49 Conscription
38:10 Guilds
40:07 Bloodlines
39:58 Husbandry
43:41 Elite Skirmisher
46:35 Siege Engineers
46:40 Fortified Wall
55:31 Pikeman
56:12 Squires
58:32 Halberdier
59:26 Halberdier
60:54 Scale Mail Armor
61:04 Forging
IAmCharlieKirk67DiddyFan
12:12 Feudal Age
13:13 Double-Bit Axe
15:52 Castle Age
13:51 Fishing Lines
17:04 Bow Saw
17:17 Light Cavalry
25:36 Gillnets
27:52 Horse Collar
28:58 Wheelbarrow
29:04 Gold Mining
32:43 Imperial Age
29:59 Loom
30:30 Hand Cart
30:16 Fletching
30:27 Padded Archer Armor
31:11 Ballistics
31:30 Bodkin Arrow
32:06 Thumb Ring
32:27 Leather Archer Armor
32:15 Husbandry
32:17 Heavy Plow
33:26 Bracer
33:57 Ring Archer Armor
33:15 Elite Elephant Archer
35:26 Chemistry
34:41 Stone Mining
35:02 Guard Tower
34:57 Arrowslits
35:17 Caravan
38:04 Coinage
38:03 Town Watch
43:24 Medical Corps
43:41 Conscription
44:12 Bombard Tower
46:02 Guilds
49:11 Keep
50:29 Murder Holes
50:44 Masonry
57:04 Two-Man Saw
56:59 Fortified Wall
Choo Choo Chud
0:43 Loom
15:17 Feudal Age
19:14 Castle Age
28:44 Double-Bit Axe
28:40 Horse Collar
32:16 Bow Saw
32:09 Heavy Plow
34:11 Wheelbarrow
35:15 Hand Cart
35:24 Fortified Wall
36:08 Gold Mining
40:30 Imperial Age
38:14 Scale Mail Armor
39:05 Gold Shaft Mining
38:30 Stone Mining
39:42 Chain Mail Armor
38:51 Man-at-Arms
39:32 Squires
39:36 Long Swordsman
40:46 Legionary
40:47 Capped Ram
42:07 Forging
42:20 Conscription
42:22 Comitatenses
41:45 Pikeman
42:28 Siege Ram
44:26 Iron Casting
46:55 Blast Furnace
46:37 Siege Engineers
49:01 Coinage
51:24 Fletching
52:28 Bodkin Arrow
52:58 Ballistics
53:38 Chemistry
54:39 Banking
54:52 Halberdier
58:12 Town Watch
61:32 Crop Rotation
61:13 Caravan
62:00 Masonry
Connection lost

Rejoining the realm…

Still unreachable

The connection could not be restored.

Session expired

The server has moved on; the page needs a fresh start.